 Dungeon Crawl Stone Soup version 0.29.1-14-g9c671dbff4 (webtiles) character file.

Game seed: 14861099888767234758

235 hawla the Firebug (level 6, -7/67 HPs)
             Began as a Meteoran Fire Elementalist on Feb 18, 2023.
             Mangled by Edmund
             ... wielding a +2 flail of protection
              (11 damage)
             ... on level 5 of the Dungeon.
             The game lasted 00:04:50 (856 turns).

hawla the Firebug (Meteoran Fire Elementalist)       Turns: 856, Time: 00:04:50

Health: -7/67      AC:  3    Str: 16    XL:     6   Next: 52%
Magic:  1/12       EV: 13    Int: 19    God:
Gold:   77         SH:  0    Dex: 14    Spells: 5/12 levels left

rFire   . . .      SeeInvis .   (no weapon)
rCold   . . .      Faith    .   (no shield)
rNeg    . . .      Spirit   .   a - +1 robe
rPois   .          Reflect  .   (no helmet)
rElec   .          Harm     .   (no cloak)
rCorr   .          Rampage  .   (no gloves)
Will    .....                   (no boots)
Stlth   ..........              (no amulet)
HPRegen 0.21/turn               g - +6 ring of strength
MPRegen 0.13/turn               (no ring)

@: brilliant, berserking, glowing, very quick
A: sense surroundings 1, otherworldly, glowing, explore regen
a: no special abilities


You were on level 5 of the Dungeon.
You visited 1 branch of the dungeon, and saw 5 of its levels.

You collected 77 gold pieces.

Inventory:

Armour
 a - a +1 robe (worn)
Jewellery
 g - a +6 ring of strength (left hand)
Scrolls
 d - a scroll of identify
Potions
 b - a potion of magic
 e - a potion of curing


   Skills:
 - Level 3.1 Dodging
 - Level 1.4 Stealth
 - Level 3.6 Spellcasting
 + Level 4.7 Conjurations
 - Level 5.4 Fire Magic


You had 5 spell levels left.
You knew the following spells:

 Your Spells              Type           Power      Damage    Failure   Level
a - Foxfire               Conj/Fire      100%       2x1d9     1%          1
b - Scorch                Fire           72%        2d9       2%          2
c - Flame Wave            Conj/Fire      34%        2d10      19%         4

Your spell library contained the following spells:

 Spells                   Type           Power      Damage    Failure   Level
 Conjure Flame            Conj/Fire      34%        6-21      5%          3
 Inner Flame              Hex/Fire       20%        N/A       14%         3


Dungeon Overview and Level Annotations

Branches:
Dungeon (5/15) Zot: 2136
 Temple: D:4-7

Altars:
Gozag

Shops:
D:5 :

Annotations:
D:5 Edmund


Innate Abilities, Weirdness & Mutations

You passively map a small area around you.
You are easily found by Zot.
You glow in the dark.
You regain HP and MP as you explore.


Message History

You conjure some foxfire!
Edmund barely misses you.
You barely miss Edmund.
Edmund is heavily wounded.
The foxfire hits Edmund.
Edmund is burned terribly!
Edmund is heavily wounded.
The foxfire hits Edmund but does no damage.
Edmund is heavily wounded.
Edmund hits you with a +2 flail of protection!
Casting: Foxfire (safe; 1% risk of failure)
Confirm with . or Enter, or press ? or * to list all spells.
You conjure some foxfire!
Edmund misses you.
You hit Edmund but do no damage.
Edmund is heavily wounded.
The foxfire hits Edmund!
Edmund is burned terribly!
Edmund is severely wounded.
The foxfire hits Edmund but does no damage.
Edmund is severely wounded.
Edmund drinks a potion.
Edmund is healed!
It was a potion of brilliance.
You feel clever all of a sudden.
Edmund hits you with a +2 flail of protection!
* * * LOW HITPOINT WARNING * * *
Unknown command.
You feel better.
Edmund hits you with a +2 flail of protection!
* * * LOW HITPOINT WARNING * * *
A red film seems to cover your vision as you go berserk!
You feel yourself moving faster!
You feel mighty!
Edmund hits you with a +2 flail of protection!
* * * LOW HITPOINT WARNING * * *
You barely miss Edmund.
Edmund is heavily wounded.
You closely miss Edmund.
Edmund is heavily wounded.
Edmund hits you with a +2 flail of protection.
* * * LOW HITPOINT WARNING * * *
You closely miss Edmund.
Edmund is heavily wounded.
Edmund hits you with a +2 flail of protection!
You die...

, #.## #.## #. ###
##.###..# #.# *
#..###........ , , #..##
#........... *. #...
##.......... #.. ##..
##..#.......
##..##..§####(####......
,
#....†.##....†..........
* ,#@@...............# ,
, , ##...>...........##
** * ##.............##
##............ *
#............. , *
#.##........... * #.
##.......... , * #
##....... ,,


You could see Edmund (combustible).

Vanquished Creatures
  A howler monkey (D:4)
  A hound (D:5)
  An orc priest (D:3)
  2 orc wizards (D:3)
  3 adders
  A white imp (D:5)
  A worm (D:5)
  A dart slug (D:4)
  7 orcs
  An endoplasm (D:1)
  2 goblins (D:3)
  2 hobgoblins
  10 jackals
  3 kobolds
  3 quokkas
  3 ball pythons
  A bat (D:3)
43 creatures vanquished.

Vanquished Creatures (others)
  90 foxfires
  2 plants (D:4)
92 creatures vanquished.

Grand Total: 135 creatures vanquished

Notes
Turn   | Place    | Note
-------+----------+-------------------------------------------
     0 | D:1      | hawla the Meteoran Fire Elementalist began the quest for
                  | the Orb.
     0 | D:1      | Reached XP level 1. HP: 14/14 MP: 5/5
    33 | D:3      | Noticed an orc wizard
    37 | D:3      | Reached XP level 2. HP: 20/20 MP: 2/6
    42 | D:2      | Learned a level 2 spell: Scorch
    48 | D:3      | Reached skill level 4 in Fire Magic
    48 | D:3      | Reached XP level 3. HP: 26/26 MP: 1/8
    51 | D:3      | Reached XP level 4. HP: 33/33 MP: 0/10
    75 | D:2      | Reached skill level 5 in Fire Magic
   163 | D:3      | Reached XP level 5. HP: 32/38 MP: 2/11
   211 | D:3      | Learned a level 4 spell: Flame Wave
   371 | D:4      | Reached XP level 6. HP: 43/45 MP: 6/12
   472 | D:4      | Found an opulent altar of Gozag.
   610 | D:5      | Entered Level 5 of the Dungeon
   766 | D:5      | Found Micompeto's Book Boutique.
   840 | D:5      | Noticed Edmund
   856 | D:5      | Mangled by Edmund

Illustrated notes

Levels and vault maps discovered:
D:1:      lemuel_arrival_behind_the_door_large, layout_basic
D:2:      minmay_razor_zed, layout_basic, kennysheep_generic_room_13
D:3:      layout_loops_ring, serial_shops, shop, kennysheep_flooded_box
D:4:      layout_rooms, kennysheep_little_box, serial_bayou_pond_c
D:5:      layout_layer_cave, gammafunk_ghost_hive, serial_shops,
          nicolae_shop_advertising_works [nicolae_subvault_shop_adworks],
          nicolae_shop_trees, uniq_edmund

Skill      XL: |  1  2  3  4  5  6 |
---------------+-------------------+-----
Spellcasting   | 3 |  3.6
Fire Magic     | 4 5 |  5.4
Dodging        | 3 |  3.1
Conjurations   | 3 4 |  4.7
Stealth        | |  1.4

Action                   |  1- 3 |  4- 6 || total
-------------------------+-------+-------++-------
Melee: Unarmed           |     3 |    21 ||    24
 Cast: Foxfire           |    10 |    41 ||    51
       Scorch            |       |    13 ||    13
       Flame Wave        |       |     2 ||     2
  Use: Scroll            |       |     3 ||     3
       Potion            |       |     3 ||     3
Armor: Robe              |       |     8 ||     8
Dodge: Dodged            |     3 |    19 ||    22
